 Dungeon Crawl Stone Soup version 0.27-a0-463-gec7707c53d (webtiles) character file.

Game seed: 15466986725339434268

6349 jasper the Carver (level 10, -7/83 HPs)
             Began as a Demigod Brigand on Feb 28, 2021.
             Killed from afar by a fire dragon (13 damage)
             ... with a blast of flame
             ... on level 10 of the Dungeon.
             The game lasted 00:15:34 (11475 turns).

jasper the Carver (Demigod Brigand)                Turns: 11475, Time: 00:15:34

Health: -7/83      AC: 14    Str: 12    XL:     10   Next: 38%
Magic:  13/13      EV: 17    Int: 13    God:
Gold:   611        SH: 13    Dex: 27    Spells: 9/9 levels left

rFire    + . .     SeeInvis .   U - +4 scimitar
rCold    + . .     Faith    .   G - +1 buckler
rNeg     . . .     Spirit   .   Y - +0 acid dragon scales
rPois    +         Reflect  +   X - +0 helmet
rElec    +         Harm     .   c - +0 cloak
rCorr    +         Rampage  .   K - +0 pair of gloves
Will     +....                  (no boots)
Stlth    ++++......             Z - amulet of reflection
HPRegen  0.23/turn              r - +4 ring of slaying
MPRegen  0.13/turn              H - +4 ring of protection

@: mighty, resistant
A: high mp 1
a: no special abilities


You were on level 10 of the Dungeon.
You visited 1 branch of the dungeon, and saw 10 of its levels.
You also visited: Bailey.

You collected 611 gold pieces.

Inventory:

Hand Weapons
 C - a +1 rapier of speed
 U - a +4 scimitar (weapon)
Missiles
 d - 48 poisoned darts (quivered)
 e - 6 curare-tipped darts
 s - 350 stones
 w - 7 boomerangs
 O - 4 atropa-tipped darts
 P - 15 javelins
Armour
 c - a +0 cloak (worn)
 G - a +1 buckler (worn)
 J - a scarf of harm
 K - a +0 pair of gloves (worn)
 X - a +0 helmet (worn)
 Y - +0 acid dragon scales (worn)
Jewellery
 r - a +4 ring of slaying (left hand)
 x - a +4 ring of evasion
 A - a ring of see invisible
 F - a +6 ring of intelligence
 H - a +4 ring of protection (right hand)
 V - an amulet of faith
 Z - an amulet of reflection (around neck)
Wands
 R - a wand of acid (6)
 S - a wand of polymorph (16)
 W - a wand of flame (15)
Scrolls
 f - a scroll of enchant armour
 h - 7 scrolls of teleportation
 i - 3 scrolls of noise
 j - 2 scrolls of magic mapping
 o - a scroll of blinking
 p - a scroll of fear
 q - a scroll of amnesia
 y - 2 scrolls of random uselessness
 B - 3 scrolls of immolation
 E - 2 scrolls of enchant weapon
Potions
 k - 4 potions of curing
 m - 2 potions of flight
 n - 2 potions of brilliance
 t - 4 potions of lignification
 v - 3 potions of attraction
 L - a potion of degeneration {unknown}
 N - a potion of ambrosia {unknown}
 Q - a potion of berserk rage {unknown}


   Skills:
 + Level 5.9 Fighting
 - Level 1.7(5.4) Short Blades
 * Level 8.1(8.2) Long Blades
 - Level 4.7 Throwing
 - Level 3.0 Armour
 + Level 5.7 Dodging
 + Level 7.3 Stealth
 + Level 4.9 Shields


You had 9 spell levels left.
You didn't know any spells.
Your spell library contained the following spells:

 Spells                   Type           Power        Failure   Level
 Animate Skeleton         Necr           0%           41%         1
 Pain                     Necr           0%           41%         1
 Vampiric Draining        Necr           0%           80%         3
 Animate Dead             Necr           0%           99%         4
 Agony                    Necr           0%           100%        5


Dungeon Overview and Level Annotations

Branches:
Dungeon (10/15)            Temple (0/1) D:6            Lair (0/6) D:9
 Bailey (visited)
    Orc: D:9-12

Annotations:
D:7 1 runed translucent door, Drazool's ghost, novice DsGl


Innate Abilities, Weirdness & Mutations

You have an increased reservoir of magic. (+10% MP)


Message History

The fire dragon is lightly wounded.
The fire dragon barely misses you.
You riposte.
You slash the fire dragon!
The fire dragon is moderately wounded.
You block the fire dragon's attack. x2
You closely miss the fire dragon.
The fire dragon is moderately wounded.
You block the fire dragon's attack. The fire dragon barely misses you.
The fire dragon tramples you but does no damage.
You hit the fire dragon.
The fire dragon is moderately wounded.
You block the fire dragon's attack.
The fire dragon claws you but does no damage.
The fire dragon tramples you but does no damage.
You hit the fire dragon.
The fire dragon is heavily wounded.
The fire dragon breathes flames at you. The blast of flame hits you!!
You resist.
You take 19 damage, and have 29/83 hp.
MASSIVE DAMAGE!!
You slice the fire dragon!!
The fire dragon is severely wounded.
The fire dragon bites you!
* * * LOW HITPOINT WARNING * * *
You block the fire dragon's attack. The fire dragon closely misses you.
You take 7 damage, and have 22/83 hp.
You hit the fire dragon.
The fire dragon is severely wounded.
The fire dragon barely misses you.
You riposte.
You hit the fire dragon.
The fire dragon is severely wounded.
The fire dragon claws you.
* * * LOW HITPOINT WARNING * * *
The fire dragon tramples you!
* * * LOW HITPOINT WARNING * * *
You stumble backwards!
You take 16 damage, and have 6/83 hp.
Okay, then.
You slash the fire dragon!
The fire dragon is almost dead.
The fire dragon breathes flames at you. The blast of flame hits you!
You resist.
You die...

##..(..[.#
#......##
#......#
##^...## ###
##..## #.# #(.#
..# #.## #.# #D#
#.# ##@# #.#
#..# #.#### #.##
##....#### #.#
#..##....# #)#
##.######.####.#
#..# #.##...#
#.## #....###
#.# ######


You could see a fire dragon (catching breath).

Vanquished Creatures
  Joseph (D:10)
  2 hornets
  Sigmund (D:6)
  6 yaks (D:10)
  Duvessa (D:6)
  An acid dragon (D:10)
  2 orc warriors
  2 sky beasts
  2 black bears
  An ice beast (D:7)
  3 necrophages
  3 ogres
  5 centaurs
  2 phantoms
  Blork the orc (D:6)
  2 gnoll sergeants (Bailey)
  6 bullfrogs
  Dowan (D:6)
  2 scorpions
  12 wights
  2 howler monkeys (D:7)
  A lava snake (D:10)
  4 bullfrog zombies
  A quasit (D:7)
  A centaur skeleton (D:5)
  5 hounds
  A bullfrog skeleton (D:9)
  A jelly (D:10)
  2 orc priests
  4 iguanas
  8 orc wizards
  8 worker ants
  3 hound skeletons
  A howler monkey skeleton (D:5)
  3 worker ant zombies
  5 gnolls
  13 adders
  A shadow imp (D:5)
  3 white imps
  3 ufetubi
  An ooze (D:2)
  An adder zombie (D:8)
  An adder skeleton (D:5)
  2 worms (D:2)
  A dart slug (D:2)
  7 leopard geckos
  21 orcs
  3 giant cockroaches
  9 goblins
  3 hobgoblins
  17 jackals
  7 quokkas
  3 ball pythons
  9 bats
  5 frilled lizards
  2 giant cockroach zombies
  A jackal skeleton (D:6)
  9 kobolds
  6 rats
234 creatures vanquished.

Notes
Turn   | Place    | Note
-------+----------+-------------------------------------------
     0 | D:1      | jasper the Demigod Brigand began the quest for the Orb.
     0 | D:1      | Reached XP level 1. HP: 17/17 MP: 3/3
    92 | D:1      | Reached skill level 1 in Dodging
   633 | D:1      | Reached XP level 2. HP: 20/24 MP: 4/4
   834 | D:1      | Reached skill level 1 in Long Blades
  1420 | D:2      | Reached XP level 3. HP: 17/29 MP: 5/5
  2386 | D:3      | Found an iron altar of Okawaru.
  2414 | D:3      | Reached XP level 4. HP: 25/36 MP: 6/6
  2798 | D:3      | Reached skill level 2 in Long Blades
  3152 | D:3      | Reached skill level 1 in Armour
  3808 | D:4      | Reached XP level 5. HP: 42/42 MP: 7/7
  3824 | D:4      | Found a hide-covered altar of Uskayaw.
  4300 | D:4      | Found a shadowy altar of Dithmenos.
  4378 | D:5      | Entered Level 5 of the Dungeon
  4425 | D:5      | Reached XP level 6. HP: 34/50 MP: 8/8
  4434 | D:5      | Reached skill level 3 in Long Blades
  4443 | D:5      | Found a radiant altar of Vehumet.
  4624 | D:5      | Found a snail-covered altar of Cheibriados.
  4677 | D:5      | Identified the +2 scale mail "Joxat" {Str+4}
  5427 | D:5      | Found a glowing golden altar of the Shining One.
  5501 | D:6      | Reached XP level 7. HP: 52/57 MP: 9/9
  5698 | D:6      | Noticed Sigmund
  5708 | D:6      | Killed Sigmund
  5709 | D:6      | Reached skill level 4 in Long Blades
  5843 | D:6      | Found a bloodstained altar of Trog.
  5878 | D:6      | Noticed Blork the orc
  5879 | D:6      | Found a shimmering blue altar of Sif Muna.
  5893 | D:6      | Reached skill level 1 in Shields
  5901 | D:6      | Killed Blork the orc
  5902 | D:6      | Reached skill level 5 in Stealth
  6184 | D:6      | Found a basalt altar of Yredelemnul.
  6624 | D:6      | Found a stormy altar of Qazlal.
  6624 | D:6      | Noticed Duvessa
  6624 | D:6      | Noticed Dowan
  6658 | D:6      | Killed Duvessa
  6659 | D:6      | Reached XP level 8. HP: 45/64 MP: 10/10
  6663 | D:6      | Killed Dowan
  6883 | D:6      | Found a staircase to the Ecumenical Temple.
  7014 | D:7      | Found a runed translucent door.
  7014 | D:7      | Noticed Drazool's ghost (novice DsGl)
  7014 | D:7      | Noticed a hornet
  7023 | D:7      | Paralysed by a hornet for 2 turns
  7029 | D:7      | Paralysed by a hornet for 1 turns
  7036 | D:7      | Killed a hornet
  7037 | D:7      | Reached skill level 5 in Long Blades
  7642 | D:8      | Found a flagged portal.
  7659 | Bailey   | Entered a bailey
  7797 | Bailey   | Reached XP level 9. HP: 55/72 MP: 11/11
  8181 | D:8      | Found a radiant altar of Vehumet.
  8246 | D:8      | Reached skill level 6 in Long Blades
  9027 | D:9      | Noticed a death yak
  9058 | D:9      | Noticed a death yak
  9596 | D:9      | Found a staircase to the Lair.
  9599 | D:9      | Noticed a death yak
  9903 | D:7      | Reached skill level 5 in Fighting
 10538 | D:9      | Found a glowing silver altar of Zin.
 10575 | D:9      | Reached skill level 7 in Long Blades
 10575 | D:9      | Reached skill level 5 in Dodging
 10641 | D:10     | Entered Level 10 of the Dungeon
 10646 | D:10     | Paralysed by a hornet for 1 turns
 11030 | D:10     | Reached XP level 10. HP: 75/81 MP: 13/13
 11176 | D:10     | Reached skill level 8 in Long Blades
 11345 | D:10     | Noticed Joseph
 11371 | D:10     | Killed Joseph
 11451 | D:10     | Noticed a fire dragon
 11475 | D:10     | Killed from afar by a fire dragon

Illustrated notes

Levels and vault maps discovered:
D:1:      evilmike_arrival_rings, layout_basic
D:2:      layout_basic
D:3:      layout_basic, okawaru_trees_1
D:4:      layout_rooms, nicolae_overflow_hidden_temple, old_standard_altar
D:5:      layout_basic, cheibriados_altar_1, tso_altar, minmay_ruined_shrine
D:6:      layout_basic, lemuel_crystal_altar, grunt_temple_overflow_open,
          temple_pool_b, serial_park_tiny_2, bloody_trog, uniq_blork_the_orc,
          uniq_sigmund, uniq_duvessa
D:7:      layout_rooms, hellmonk_ghost_happy_afterlife, grunt_ministairs_2
D:8:      layout_cave_pods, general_overflow_altar, enter_bailey_4,
          nrook_mini_backslash
D:9:      layout_roguey, lemuel_crystal_altar, dpeg_lair_monsters
D:10:     dragon1_lemuel, layout_rooms, st_stairs_13, uniq_joseph

Skill      XL: |  1  2  3  4  5  6  7  8  9 10 |
---------------+-------------------------------+-----
Dodging        | 1 2 3 4 5 |  5.7
Fighting       | 2 3 4 5 |  5.9
Throwing       | 2 3 4 |  4.7
Long Blades    | 1 2 3 4 5 7 8 |  8.1
Stealth        | 4 5 6 7 |  7.3
Armour         | 1 2 3 |  3.0
Shields        | 1 2 4 |  4.9
Short Blades   | |  1.7

Action                   |  1- 3 |  4- 6 |  7- 9 | 10-12 || total
-------------------------+-------+-------+-------+-------++-------
Melee: Dagger            |   155 |   111 |       |       ||   266
       Rapier            |       |    52 |   336 |       ||   388
       Scimitar          |       |       |    94 |    79 ||   173
Throw: Dart              |    36 |    42 |    66 |     6 ||   150
       Boomerang         |       |       |    21 |       ||    21
       Throwing net      |       |       |     1 |       ||     1
Evoke: Wand              |       |       |     2 |       ||     2
  Use: Scroll            |       |       |    15 |     1 ||    16
       Potion            |       |       |     2 |     3 ||     5
 Stab: Sleeping          |     6 |     3 |     9 |     1 ||    19
       Distracted        |       |       |       |     1 ||     1
Armor: Robe              |    11 |       |       |       ||    11
       Ring mail         |    39 |    32 |   112 |     3 ||   186
       Acid dragon scale |       |       |       |    15 ||    15
Dodge: Dodged            |   100 |   104 |   204 |    49 ||   457
Block: Buckler           |       |     3 |   116 |    50 ||   169
       Reflection        |       |       |       |     2 ||     2
       Rpst.: Scimitar   |       |       |    12 |    10 ||    22

Table legend: (Time is in decaauts)
 A = Elapsed time spent in this place.
 B = Non-inter-level travel time spent in this place.
 C = Inter-level travel time spent in this place.
 D = Time resting spent in this place.
 E = Time spent auto-exploring this place.
 F = Levels seen in this place.
 G = Mean time per level.
                   A        B        C        D        E       F      G
               +--------+--------+--------+--------+--------+-----+--------+
         Total |  11337 |  10975 |    362 |   1965 |   6773 |  11 | 1030.6 |
       Dungeon |  11191 |  10829 |    362 |   1908 |   6773 |  10 | 1119.1 |
        Bailey |    146 |    146 |      0 |     57 |      0 |   1 |  146.0 |
               +--------+--------+--------+--------+--------+-----+--------+

Top non-repeatable levels by time:
     D:8: 1721 daAuts
     D:3: 1573 daAuts
     D:6: 1537 daAuts
     D:1: 1335 daAuts
     D:5: 1095 daAuts
     D:9: 1090 daAuts
     D:7: 867 daAuts
     D:2: 862 daAuts
     D:4: 578 daAuts
    D:10: 529 daAuts
  Bailey: 146 daAuts
